 Dungeon Crawl Stone Soup version 0.17-a0-737-gf0a300a (webtiles) character file.

42 Ngotmuk the Covered (level 3, 0/34 HPs)
             Began as a Deep Dwarf Fighter on Apr 27, 2015.
             Slain by a giant cockroach (1 damage)
             ... on level 2 of the Dungeon.
             The game lasted 00:02:41 (1160 turns).

Ngotmuk the Covered (Deep Dwarf Fighter)            Turns: 1160, Time: 00:02:41

Health: 0/34       AC:  8    Str: 20    XL:     3   Next: 33%
Magic:  3/3        EV:  9    Int:  8    God:
Gold:   66         SH:  0    Dex: 12    Spells: 0 memorised, 2 levels left

rFire  . . .     SeeInvis .     s - -3 great sword (curse)
rCold  . . .     Clarity  .     b - +0 scale mail
rNeg   . . .     SustAb   .     (no shield)
rPois  .         Gourm    .     (no helmet)
rElec  .         Spirit   .     (no cloak)
rCorr  .         Warding  .     j - +0 pair of gloves
rMut   .         Stasis   .     (no boots)
MR     .....                    (no amulet)
Stlth  ..........               (no ring)
                                (no ring)

@: non-regenerating, not resistant to hostile enchantments, extremely unstealthy
A: damage resistance, recharge devices, sense surroundings 1, slow healing 3
a: Device Recharging


You were on level 2 of the Dungeon.
You were hungry.

You visited 1 branch of the dungeon, and saw 2 of its levels.

You collected 66 gold pieces.

Inventory:

Hand weapons
 a - a +0 war axe
 s - a cursed -3 great sword (weapon)
Armour
 b - a +0 scale mail (worn)
 c - a +0 shield
 j - a +0 pair of gloves (worn)
Magical devices
 e - a wand of heal wounds (5)
Scrolls
 i - 2 scrolls of fear {unknown}
 k - a scroll of recharging {unknown}
 l - 2 scrolls of identify {unknown}
 o - a scroll of remove curse {unknown}
 p - a scroll of blinking {unknown}
Potions
 d - a potion of might
 h - a potion of mutation {unknown}
 m - a potion of degeneration {unknown}
 q - a potion of heal wounds {unknown}
Comestibles
 f - a bread ration
 g - a beef jerky
 n - 2 fruits
 r - a meat ration


   Skills:
 * Level 3.0 Fighting
 * Level 2.8 Axes
 + Level 4.0 Armour
 + Level 3.5 Shields


You had 2 spell levels left.
You didn't know any spells.

Dungeon Overview and Level Annotations

Branches:
Dungeon (2/15)

Altars:


Innate Abilities, Weirdness & Mutations

You are resistant to damage.
You can recharge devices by infusing magical energy.
You passively map a small area around you.
You do not heal naturally.


Message History

The worm barely misses you.
The giant cockroach bites you but does no damage.
The bat hits you but does no damage.
The giant cockroach bites you but does no damage.
The worm closely misses you. The bat hits you but does no damage.
The giant cockroach barely misses you. The bat closely misses you. x2
The giant cockroach closely misses you. The worm bites you but does no damage.
The bat barely misses you.
The giant cockroach bites you but does no damage.
The giant cockroach bites you. The bat hits you but does no damage.
The worm bites you.
* * * LOW HITPOINT WARNING * * *
The giant cockroach bites you but does no damage.
The bat hits you. The bat closely misses you.
The giant cockroach barely misses you. The worm barely misses you.
The bat hits you but does no damage.
The giant cockroach bites you but does no damage.
The bat hits you but does no damage. The giant cockroach bites you.
You die...

,, * , , * * ######## * .
* * ##...##.. ,
..########### ##........ *
, ............# #.........
,
........b....###.........
,.....(.w@................
...###.s#.####...........
, , , ,
*#.##.#####.......... *
..............####.(.
....######.....####)#†
.########.............. ,,
#..................## ,
.....##............. ,
..........[.......#.


You could see a worm, a giant cockroach and a bat.

Vanquished Creatures
  An adder (D:2)
  2 giant geckos (D:1)
  5 bats (D:1)
  A giant cockroach (D:2)
  3 goblins
  7 hobgoblins
  3 kobolds
  5 rats (D:1)
27 creatures vanquished.

Notes
Turn   | Place    | Note
--------------------------------------------------------------
     0 | D:1      | Ngotmuk, the Deep Dwarf Fighter, began the quest for the Orb.
     0 | D:1      | Reached XP level 1. HP: 20/20 MP: 1/1
   313 | D:1      | Reached XP level 2. HP: 25/27 MP: 2/2
   940 | D:2      | Reached XP level 3. HP: 22/33 MP: 3/3
   956 | D:2      | Reached skill level 4 in Armour
  1157 | D:2      | HP: 1/34 [worm (3)]
  1160 | D:2      | Slain by a giant cockroach

Action                   || total
-------------------------++-------
Melee: War axe           ||    85
